 Dungeon Crawl Stone Soup version 0.25-a0-730-g633e9c3 (webtiles) character file.

Game seed: 4093812680961582844, levelgen mode: deterministic

63 robertstho the Skirmisher (level 3, -2/33 HPs)
             Began as a Draconian Fighter on Apr 7, 2020.
             Slain by a gnoll
             ... wielding a +0 spear
              (6 damage)
             ... on level 2 of the Dungeon.
             The game lasted 00:02:52 (1464 turns).

robertstho the Skirmisher (Draconian Fighter)       Turns: 1464, Time: 00:02:53

Health: -2/33      AC:  5    Str: 19    XL:     3   Next: 89%
Magic:  3/3        EV: 10    Int:  8    God:
Gold:   102        SH:  9    Dex: 10    Spells: 2/2 levels left

rFire    . . .     SeeInvis .   a - +0 war axe
rCold    . . .     Gourm    .   b - +0 kite shield
rNeg     . . .     Faith    .   (armour unavailable)
rPois    .         Spirit   .   (helmet restricted)
rElec    .         Reflect  .   (no cloak)
rCorr    .         Harm     .   (no gloves)
MR       .....                  (no boots)
Stlth    +.........             (no amulet)
HPRegen  0.11/turn              (no ring)
MPRegen  0.08/turn              (no ring)

@: mighty
A: unfitting armour, cold-blooded, AC +5
a: no special abilities


You were on level 2 of the Dungeon.
You were not hungry.

You visited 1 branch of the dungeon, and saw 2 of its levels.

You collected 102 gold pieces.

Inventory:

Hand Weapons
 a - a +0 war axe (weapon)
Missiles
 l - 3 javelins (quivered)
Armour
 b - a +0 kite shield (worn)
Scrolls
 e - 4 scrolls of identify {unknown}
 g - 3 scrolls of noise {unknown}
 h - a scroll of enchant armour {unknown}
 i - a scroll of amnesia {unknown}
Potions
 f - a potion of curing {unknown}
 j - a potion of stabbing {unknown}
Comestibles
 d - 3 rations
 k - 3 chunks of flesh


   Skills:
 * Level 4.0 Fighting
 + Level 2.8 Axes
 * Level 3.2 Dodging
 + Level 3.2 Shields


You had 2 spell levels left.
You didn't know any spells.
Your spell library was empty.

Dungeon Overview and Level Annotations

Branches:
Dungeon (2/15)

Altars:
Trog


Innate Abilities, Weirdness & Mutations

Your plain brown scales are hard. (AC +5)
You cannot fit into any form of body armour.
You are cold-blooded and may be slowed by cold attacks.


Message History

The orc is heavily wounded.
The orc hits you with a +0 hand axe.
* * * LOW HITPOINT WARNING * * *
The gnoll hits you from afar with a +0 spear.
* * * LOW HITPOINT WARNING * * *
You slash the gnoll!
The gnoll is severely wounded.
You slash the orc!
You kill the orc!
Your Fighting skill increases to level 4!
The gnoll closely misses you. You block the gnoll's attack.
You slash the gnoll!
You kill the gnoll!
You block the gnoll's attack. The gnoll completely misses you.
You closely miss the gnoll.
The gnoll is lightly wounded.
You block the gnoll's attack. The gnoll hits you with a +0 club.
* * * LOW HITPOINT WARNING * * *
The gnoll hits you with a +0 spear.
You die...

### ## #.. ..#
##..♣..##
#..♣_♣..#
####...♣...#.#
#...g..†...#.#
#...#.##.#.#.#
#.###...#@##...#.#
#.......g.####.#.#
#####.†.### #.#.#
#...# #.#.# #...#
####.#'### ##...
#........# ....
##.......# ..._.
##......# ....%.
##.#.###


You could see 2 gnolls.

Vanquished Creatures
  2 gnolls (D:2)
  An ooze (D:1)
  2 worms
  2 dart slugs (D:2)
  An orc (D:2)
  3 ball pythons
  4 bats
  A giant cockroach (D:1)
  3 goblins (D:1)
  A hobgoblin (D:2)
  2 jackals (D:1)
  2 frilled lizards
  5 kobolds
  2 rats (D:1)
31 creatures vanquished.

Notes
Turn   | Place    | Note
-------+----------+-------------------------------------------
     0 | D:1      | robertstho the Draconian Fighter began the quest for the
                  | Orb.
     0 | D:1      | Reached XP level 1. HP: 19/19 MP: 1/1
   236 | D:1      | Reached XP level 2. HP: 15/26 MP: 2/2
  1289 | D:2      | Reached XP level 3. HP: 33/33 MP: 3/3
  1435 | D:2      | Found a faded altar of an unknown god.
  1448 | D:2      | Found a bloodstained altar of Trog.
  1461 | D:2      | Reached skill level 4 in Fighting
  1464 | D:2      | Slain by a gnoll

Levels and vault maps discovered:
D:1:      dpeg_arrival_brainrot, layout_basic
D:2:      layout_basic, chequers_ecumenical_altar_simple, trog_butcher_becter

Skill      XL: |  1  2  3 |
---------------+----------+-----
Dodging        | 3 |  3.2
Fighting       | 4 |  4.0
Axes           | |  2.8
Shields        | |  3.2

Action                   || total
-------------------------++-------
Melee: War axe           ||    94
       Tailslap          ||    10
  Use: Potion            ||     1
  Eat: Chunk             ||     2
Armor: Skin              ||    43
Dodge: Dodged            ||    68
Block: Kite shield       ||    70

Table legend:
 A = Non-vault XP
 B = Vault XP
 C = Vault XP percentage of total XP
 D = Non-vault monster count
 E = Vault monster count
 F = Vault count percentage of total count
                 A         B        C        D         E       F
            +---------+---------+-------+---------+---------+-------
      Total |      83 |       8 |   8.8 |      29 |       2 |   6.5
            +---------+---------+-------+---------+---------+-------
        D:1 |      34 |       5 |  12.8 |      18 |       1 |   5.3
        D:2 |      49 |       3 |   5.8 |      11 |       1 |   8.3
            +---------+---------+-------+---------+---------+-------
